 Dungeon Crawl Stone Soup version 0.30-a0-949-g53dc5368d7 (console) character file.

Game seed: 17508485731686457888

292046 Chek the Scorcher (level 17, -13/142 HPs)
             Began as a Mummy Wanderer on Mar 7, 2023.
             Was the Champion of Ru.
             Mangled by a war gargoyle
             ... wielding a +2 great mace of holy wrath
             ... led by a peacekeeper
              (34 damage)
             ... on level 2 of the Vaults on Mar 27, 2023.
             The game lasted 07:06:26 (53112 turns).

Chek the Scorcher (Mummy Wanderer)                 Turns: 53112, Time: 07:06:26

Health: -13/142    AC: 15    Str: 13    XL:     17   Next: 97%
Magic:  9/36       EV: 14    Int: 35    God:    Ru [******]
Gold:   2600       SH:  8    Dex: 11    Spells: 8/46 levels left

rFire   . . .      SeeInvis .    b - staff of conjuration
rCold   + + .      Faith    +    X - +2 buckler {reflect}
rNeg    + + +      Spirit   .    o - +4 troll leather armour
rPois   ∞          Reflect  +    P - +1 hat {Int+3}
rElec   .          Rampage  .    e - scarf {+Inv}
rCorr   +                        O - +2 pair of gloves
Will    ++...                    W - +1 pair of boots of Sushux {rF+ rCorr} Stlth
                                 J - amulet "Fouxotau" {RegenMP rC+}
HPRegen 1.23/turn                x - +6 ring of intelligence
MPRegen 0.65/turn                E - +6 ring of intelligence

@: exhausted, very slightly contaminated
A: clumsy 1, cold resistance 1, negative energy resistance 3, torment resistance
2, heat vulnerability 1, no stealth, hated by all, no air magic, no hexes magic,
no necromancy magic, inexperienced 2, in touch with death 2, no potions, faith
}: 2/15 runes: decaying, serpentine
a: Renounce Religion, Evoke Invisibility, Draw Out Power, Power Leap, Apocalypse


You were on level 2 of the Vaults.
You worshipped Ru.
Ru was exalted by your worship.
You visited 7 branches of the dungeon, and saw 33 of its levels.
You also visited: Ice Cave.

You collected 4178 gold pieces.
You spent 1578 gold pieces at shops.

Inventory:

Armour
 e - a scarf of invisibility (worn)
 m - a +2 kite shield
 o - a +4 troll leather armour (worn)
 r - a +0 scale mail of willpower
 O - a +2 pair of gloves (worn)
 P - a +1 hat of intelligence (worn)
 W - the +1 pair of boots of Sushux (worn) {rF+ rCorr}
   (You bought it in a shop on level 1 of the Dungeon)

   rF:        It protects you from fire.
   rCorr:     It protects you from acid and corrosion.
 X - a +2 buckler of reflection (worn)
Magical Staves
 a - a staff of fire
 b - a staff of conjuration (weapon)
Jewellery
 d - a ring of protection from cold
 g - a ring of fire
 n - a +5 ring of evasion
 t - a ring of flight
 x - a +6 ring of intelligence (left hand)
 E - a +6 ring of intelligence (right hand)
 J - the amulet "Fouxotau" (around neck) {RegenMP rC+}
   (You found it on level 2 of the Snake Pit)

   [amulet of magic regeneration]

   It increases your rate of magic regeneration.
   rC:        It protects you from cold.
 N - a +4 ring of protection
 U - a ring of see invisible
 V - a ring of fire
Wands
 c - a wand of flame (5)
 p - a wand of digging (22)
 v - a wand of polymorph (8)
 C - a wand of paralysis (19)
 F - a wand of acid (14)
 G - a wand of iceblast (25)
 Q - a wand of mindburst (16)
Scrolls
 f - 8 scrolls of fog
 h - 3 scrolls of poison
 i - a scroll of enchant weapon
 j - 17 scrolls of teleportation
 k - 5 scrolls of fear
 l - 3 scrolls of immolation
 q - 3 scrolls of silence
 z - 3 scrolls of noise
 D - 8 scrolls of magic mapping
 K - 4 scrolls of amnesia
 M - a scroll of enchant armour
 R - a scroll of butterflies
 S - a scroll of blinking
 Y - a scroll of brand weapon
Miscellaneous
 u - a lightning rod (4/4)
 H - a condenser vane
 T - a phial of floods


   Skills:
 - Level 15.0 Fighting
 - Level 6.0 Staves
 - Level 6.0 Armour
 - Level 10.0 Dodging
 - Level 10.0 Shields
 - Level 15.0 Spellcasting
 - Level 14.0 Conjurations
 - Level 2.0 Translocations
 - Level 2.0 Transmutations
 - Level 16.0 Fire Magic
 - Level 2.0 Earth Magic
 - Level 1.0 Invocations
 + Level 10.2 Evocations


You had 8 spell levels left.
You knew the following spells:

 Your Spells              Type           Power      Damage    Failure   Level
a - Searing Ray           Conj           100%       2d8       0%          2
b - Momentum Strike       Conj/Tloc      100%       3d10      1%          2
c - Flame Wave            Conj/Fire      100%       2d21      1%          4
d - Sticky Flame          Conj/Fire      100%       2d11      1%          4
e - Fireball              Conj/Fire      57%        3d22      1%          5
f - Blink                 Tloc           80%        N/A       1%          2
g - Passwall              Tmut/Erth      33%        N/A       1%          2
h - Apportation           Tloc           80%        N/A       1%          1
i - Irradiate             Conj/Tmut      44%        3d26      2%          5
j - Passage of Golubria   Tloc           40%        N/A       10%         4
k - Orb of Destruction    Conj           56%        9d14      6%          7

Your spell library contained the following spells:

 Spells                   Type           Power      Damage    Failure   Level
 Sandblast                Erth           80%        2d17      1%          1
 Sting                    Tmut/Pois      100%       1d8       1%          1
 Lesser Beckoning         Tloc           80%        N/A       1%          2
 Hailstorm                Conj/Ice       85%        3d17      1%          3
 Stone Arrow              Conj/Erth      100%       3d13      1%          3
 Iskenderun's Battlesphe  Conj           100%       2d15      1%          5
 Freeze                   Ice            100%       1d10      2%          1
 Frozen Ramparts          Ice            52%        1d8       7%          3
 Petrify                  Tmut/Erth      40%        N/A       10%         4
 Iron Shot                Conj/Erth      44%        9d9       13%         6
 Alistair's Intoxication  Tmut/Pois      22%        N/A       38%         5
 Lehudib's Crystal Spear  Conj/Erth      44%        10d11     99%         8
 Polar Vortex             Ice            13%        N/A       100%        9
 Static Discharge         Conj/Air       Unusable   2-7/arc   N/A         2
 Inner Flame              Hex/Fire       Unusable   N/A       N/A         3
 Necrotise                Necr           Unusable   1d9       N/A         1
 Ensorcelled Hibernation  Hex/Ice        Unusable   N/A       N/A         2
 Poisonous Vapours        Pois/Air       Unusable   N/A       N/A         2
 Sublimation of Blood     Necr           Unusable   N/A       N/A         2
 Vampiric Draining        Necr           Unusable   2d10      N/A         3
 Freezing Cloud           Conj/Ice/Air   Unusable   6-21      N/A         5
 Animate Armour           Summ/Erth      Unusable   N/A       N/A         4
 Conjure Ball Lightning   Conj/Air       Unusable   3x3d15    N/A         6
 Anguish                  Hex/Necr       Unusable   N/A       N/A         4
 Blade Hands              Tmut           Unusable   N/A       N/A         5
 Agony                    Necr           Unusable   N/A       N/A         5
 Silence                  Hex/Air        Unusable   N/A       N/A         5
 Simulacrum               Ice/Necr       Unusable   N/A       N/A         6
 Enfeeble                 Hex            Unusable   N/A       N/A         7

Dungeon Overview and Level Annotations

Branches:
Dungeon (15/15)            Temple (0/1) D:7            Lair (5/5) D:11
  Swamp (4/4) Lair:3        Snake (4/4) Lair:2        Slime (0/5) Lair:4
    Orc (2/2) D:9             Elf (1/3) Orc:2        Vaults (2/5) D:13
 Depths (0/4) D:15          IceCv (visited)
  Crypt: Vaults:2-3

Altars:
Cheibriados
Gozag
Makhleb
Nemelex Xobeh
Ru
Trog
Uskayaw
Vehumet
Wu Jian
Xom

Shops:
D:1 [   Orc:2 [[?*   Elf:1 [   Vaults:1 ?   Vaults:2 !(


Innate Abilities, Weirdness & Mutations

You are immune to poison.
You are clumsy. (Dex -2)
Your flesh is cold resistant. (rC+)
You are immune to negative energy. (rN+++)
You are immune to unholy pain and torment.
You are vulnerable to heat. (rF-)
You cannot be stealthy.
You are hated by all.
You cannot study or cast Air magic.
You cannot study or cast Hexes magic.
You cannot study or cast Necromancy magic.
You are inexperienced. (-2 XL)
You are strongly in touch with the powers of death.
You do not drink.
You have a special connection with the divine. (Faith)


Message History

Aiming: Orb of Destruction (dangerous; 6% risk of failure)
Press: ? - help, Shift-Dir - straight line, f - war gargoyle
Aim: a war gargoyle, wielding a +2 great mace of holy wrath (strong, catching its breath)
You feel a surge of power!
The orb of destruction hits the war gargoyle!!
The war gargoyle is heavily damaged.
The war gargoyle begins to attack, but is stunned by your conviction!
The war gargoyle no longer looks unusually strong.
The war gargoyle launches metal splinters at you.
The spray of metal splinters hits you but does no damage.
You feel less exhausted.
The war gargoyle launches metal splinters at you.
The spray of metal splinters misses you.
Casting: Orb of Destruction (dangerous; 6% risk of failure)
Confirm with . or Enter, or press ? or * to list all spells.
Aiming: Orb of Destruction (dangerous; 6% risk of failure)
Press: ? - help, Shift-Dir - straight line, f/p - war gargoyle
Aim: a war gargoyle, wielding a +2 great mace of holy wrath (heavily damaged, catching its breath)
You feel a surge of power!
You miscast Orb of Destruction.
You are very lightly contaminated with residual magic.
You feel a strange surge of energy! You block the war gargoyle's attack.
The war gargoyle begins to attack, but is stunned by your conviction!
The war gargoyle launches metal splinters at you.
The spray of metal splinters hits you!
The war gargoyle launches metal splinters at you.
The spray of metal splinters hits you.
Aiming: Power Leap
Press: ? - help, Dir - move target, p - war gargoyle The war gargoyle launches metal splinters at you.
The spray of metal splinters hits you!!
The war gargoyle launches metal splinters at you.
The spray of metal splinters hits you!!
* * * LOW HITPOINT WARNING * * *
There is a large open door, spattered with blood here.
The war gargoyle attacks as you move away!
The war gargoyle hits you with a +2 great mace of holy wrath!!
* * * LOW HITPOINT WARNING * * *
You convulse!!
You die...

#......'.....#
#################.....#########
....................[.#........
......................#........
.....)................'........
..........[...........#........
....)..........9......#........
'################9'####........
....#########...@..####........
....#.......#.....8.∩.<.8.#####
....#.....∩.#.[....########
#...#.......'....[.#
#...#.......#....).#
#.#.#.......#.<....#
#(#.#.......'..<[..#
###.#.......#......#
....#.......#......#


You could see a war gargoyle.

Vanquished Creatures
  Mara (Snake:3)
  Vashnia (Snake:2)
  A shard shrike (IceCv)
  the Lernaean hydra (Swamp:4)
  A golden dragon (Vaults:1)
  Mlioglotl (Snake:1)
  The ghost of Angani the Bludgeoner, an adept DrHW of Ashenzari (Swamp:3)
  A tengu reaver (Vaults:1)
  Gastronok (Lair:2)
  A thorn hunter (Swamp:4)
  Donald (Snake:1)
  3 nagarajas
  A storm dragon (Lair:5)
  A frost giant (shapeshifter) (Vaults:1)
  4 vault wardens
  A deep elf sorcerer (Elf:1)
  Aizul (Snake:1)
  Louise (Snake:1)
  The ghost of Fypuno Aqar the Pyromancer, an adept DEFE of Elyvilon (Vaults:1)
  2 orc warlords
  5 ghouls
  13 ironbound preservers
  4 ironbound thunderhulks
  Nessos (Orc:2)
  4 eleionomae
  A white draconian (IceCv)
  4 bunyips
  4 dire elephants (Vaults:1)
  A spark wasp (Lair:5)
  An ettin (D:15)
  A deep elf high priest (Vaults:1)
  4 great orbs of eyes
  A salamander tyrant (Snake:4)
  17 hydras
  4 vault guards
  A ghost crab (Swamp:4)
  The ghost of Xyukig the Reanimator, a journeyman NaNe (Lair:1)
  2 ice dragons
  2 catoblepae
  Erolcha (D:9)
  2 two-headed ogres
  13 centaur warriors
  16 naga warriors
  6 alligators
  5 boulder beetles
  4 dancing weapons
  11 ironbound frosthearts
  17 naga sharpshooters
  9 anacondas
  2 tengu warriors (D:15)
  18 death yaks
  An orc high priest (Orc:1)
  3 deep elf knights (Elf:1)
  6 shock serpents
  2 salamander mystics
  A skyshark (Lair:4)
  A death drake (Lair:2)
  8 sea snakes
  5 spriggan druids
  4 skeletal warriors (D:13)
  43 deep trolls
  9 naga ritualists
  5 bog bodies
  3 deep elf archers (Elf:1)
  16 swamp dragons
  10 lindwurms
  3 orc knights (Vaults:1)
  2 necromancers (D:15)
  12 deep elf pyromancers
  14 mana vipers
  2 wizards
  4 deep elf zephyrmancers (Elf:1)
  7 ironbound convokers
  24 ugly things
  5 will-o-the-wisps
  8 orc sorcerers (Orc:2)
  9 salamanders
  2 manticores
  5 elephants (Lair:5)
  4 guardian serpents (Snake:4)
  7 cyclopes
  31 black mambas
  21 naga magi
  11 torpor snails
  An eye of devastation (shapeshifter) (D:7)
  4 vault sentinels
  11 cane toads
  Psyche (D:9)
  3 unseen horror zombies (D:9)
  A cane toad (shapeshifter) (D:15)
  2 kobold demonologists (D:10)
  A gargoyle (D:11)
  2 freezing wraiths
  13 komodo dragons
  10 yaktaurs
  23 rime drakes
  A tengu conjurer (D:14)
  2 anaconda simulacra (Lair:3)
  A queen bee (Lair:1)
  A polar bear (shapeshifter) (D:14)
  A bloated husk (Swamp:3)
  9 trolls
  13 polar bears
  12 tyrant leeches
  14 hornets
  15 blink frogs
  10 dream sheep
  2 air elementals (Elf:1)
  18 slime creatures
  2 wyverns
  Sigmund (D:3)
  16 spriggans
  A water elemental (Elf:1)
  2 shadows
  A vampire (D:12)
  39 yaks
  A fire elemental (Elf:1)
  Eustachio (D:4)
  Menkaure (D:6)
  3 basilisks
  9 vampire mosquitoes
  2 steam dragons (D:8)
  14 swamp worms
  A catoblepas simulacrum (Lair:3)
  Edmund (D:5)
  3 wargs (Orc:2)
  2 acid dragons
  31 nagas
  11 water moccasins
  12 swamp drakes
  18 orc warriors
  5 sky beasts (D:7)
  3 ice beasts
  4 black bears
  7 wolves
  4 centaurs
  3 ogres
  A phantom (D:6)
  6 kobold brigands
  Blork the orc (D:5)
  9 necrophages
  20 bullfrogs
  11 gnoll sergeants
  5 scorpions
  11 wights
  28 killer bees
  16 electric eels
  8 howler monkeys
  A centaur zombie (D:9)
  A human zombie (D:9)
  3 lava snakes (Lair:2)
  2 jellies (D:7)
  10 hounds
  13 orc priests
  3 gnoll boudas
  9 iguanas
  2 water moccasin simulacra (Lair:3)
  Jessica (D:3)
  Natasha (thrice) (D:4)
  41 orc wizards
  2 killer bee zombies (D:9)
  A centaur simulacrum (D:7)
  A basilisk simulacrum (Lair:3)
  2 mummies (D:9)
  A howler monkey zombie (D:9)
  9 adders
  26 gnolls
  3 shadow imps
  3 white imps
  An ufetubus (D:5)
  A dart slug (D:3)
  74 orcs
  4 endoplasms
  5 giant cockroaches
  5 goblins
  5 hobgoblins
  10 jackals
  16 kobolds
  3 quokkas
  9 ball pythons
  5 bats
  4 frilled lizards
  8 rats
  A bush (Lair:5)
1262 creatures vanquished.

Vanquished Creatures (others)
  A peacekeeper (Vaults:2)
  A salamander tyrant (Snake:4)
  A dancing weapon (Elf:1)
  A bog body (Swamp:4)
  A deep elf archer (Elf:1)
  A mana viper (Snake:2)
  A deep elf zephyrmancer (Elf:1)
  2 black mambas
  A rime drake (IceCv)
  A yaktaur (Vaults:2)
  An anaconda simulacrum (Lair:3)
  A troll (D:12)
  A bloated husk (Swamp:2)
  A hornet (Swamp:4)
  2 blink frogs (Lair:3)
  A slime creature (D:13)
  3 yaks
  2 vampire mosquitoes
  2 ogres
  An earth elemental (Elf:1)
  A killer bee (Lair:1)
  2 orc wizards (Orc:2)
  8 foxfires
  47 fungi
  174 plants
258 creatures vanquished.

Grand Total: 1520 creatures vanquished

Notes
Turn   | Place    | Note
-------+----------+-------------------------------------------
     0 | D:1      | Chek the Mummy Wanderer began the quest for the Orb.
     0 | D:1      | Chek set off with the following items: a +0 club, a scroll
                  | of blinking, a +0 scale mail; and the following spell
                  | memorised: Sting; and the following spells available to
                  | memorise: Searing Ray, Momentum Strike, Static Discharge,
                  | Ensorcelled Hibernation, Poisonous Vapours.
     0 | D:1      | Reached XP level 1. HP: 15/15 MP: 5/5
    92 | D:1      | Found Sodujev's Antique Armour Emporium.
   173 | D:1      | Reached XP level 2. HP: 10/21 MP: 7/7
   350 | D:1      | Learned a level 2 spell: Searing Ray
   858 | D:2      | Gained mutation: You are in touch with the powers of death.
                  | [Mummy growth]
   858 | D:2      | Reached XP level 3. HP: 26/26 MP: 3/8
  1143 | D:2      | You fall into a shaft and drop 2 floors!
  1398 | D:2      | Reached XP level 4. HP: 32/32 MP: 3/10
  2039 | D:3      | Found a bloodstained altar of Trog.
  2113 | D:3      | Reached skill level 1 in Dodging
  2128 | D:3      | Noticed Sigmund
  2130 | D:3      | Noticed Jessica
  2146 | D:3      | Killed Jessica
  2380 | D:3      | Found a burning altar of Makhleb.
  2746 | D:3      | Reached XP level 5. HP: 22/38 MP: 7/11
  2981 | D:3      | Reached skill level 5 in Spellcasting
  3052 | D:3      | Found a bloodstained altar of Trog.
  3105 | D:3      | Found a burning altar of Makhleb.
  3672 | D:4      | Reached XP level 6. HP: 30/44 MP: 5/14
  3748 | D:4      | Noticed Eustachio
  3899 | D:4      | Found a radiant altar of Vehumet.
  3976 | D:4      | Killed Eustachio
  4209 | D:3      | Killed Sigmund
  4210 | D:3      | Reached XP level 7. HP: 51/51 MP: 16/18
  4227 | D:4      | Noticed Natasha
  4234 | D:4      | Killed Natasha
  4260 | D:5      | Entered Level 5 of the Dungeon
  4506 | D:4      | Noticed Natasha
  4513 | D:4      | Killed Natasha
  4534 | D:4      | Noticed Natasha
  4540 | D:4      | Killed Natasha
  4600 | D:5      | Reached skill level 1 in Evocations
  4652 | D:5      | Noticed Blork the orc
  4689 | D:5      | Found a sacrificial altar of Ru.
  4702 | D:5      | Became a worshipper of Ru the Awakened
  4726 | D:5      | Killed Blork the orc
  4727 | D:5      | Reached skill level 1 in Staves
  4727 | D:5      | Reached skill level 1 in Fire Magic
  4727 | D:5      | Reached XP level 8. HP: 50/58 MP: 12/21
  4730 | D:5      | Learned a level 2 spell: Momentum Strike
  4733 | D:5      | Learned a level 2 spell: Static Discharge
  4772 | D:5      | Identified the +4 ring mail "Selliofi" {rN+}
  4984 | D:5      | Noticed Edmund
  5193 | D:5      | Reached skill level 2 in Fire Magic
  5723 | D:4      | Reached skill level 3 in Fire Magic
  5727 | D:4      | Learned a level 3 spell: Inner Flame
  5732 | D:4      | Learned a level 4 spell: Flame Wave
  5737 | D:4      | Learned a level 4 spell: Sticky Flame
  6011 | D:5      | Found a hide-covered altar of Uskayaw.
  6239 | D:5      | Reached skill level 4 in Fire Magic
  6867 | D:5      | Killed Edmund
  6868 | D:5      | Reached skill level 5 in Fire Magic
  6868 | D:5      | Reached XP level 9. HP: 63/63 MP: 15/22
  6894 | D:6      | Noticed Menkaure
  7212 | D:6      | Gained mutation: You are hated by all. [Ru sacrifice]
  7212 | D:6      | Reached * piety under Ru
  7218 | D:6      | Killed Menkaure
  7333 | D:6      | Reached skill level 5 in Conjurations
  8298 | D:7      | Found a sparkling altar of Nemelex Xobeh.
  8498 | D:7      | Reached skill level 6 in Fire Magic
  8787 | D:7      | Gained mutation: You are somewhat inexperienced. (-1 XL)
                  | [Ru sacrifice]
  8787 | D:7      | Reached XP level 8. HP: 60/60 MP: 21/21
  8787 | D:7      | Reached ** piety under Ru
  8787 | D:7      | Reached *** piety under Ru
  8969 | D:7      | Found a staircase to the Ecumenical Temple.
  9026 | D:7      | Reached XP level 9. HP: 46/65 MP: 13/22
  9039 | D:7      | Reached skill level 10 in Spellcasting
  9139 | D:7      | Reached skill level 1 in Shields
  9181 | D:7      | Noticed a cyclops
  9232 | D:7      | Killed a cyclops
  9233 | D:7      | Reached skill level 7 in Fire Magic
  9336 | D:7      | Learned a level 5 spell: Fireball
  9408 | D:7      | Noticed a manticore
  9411 | D:7      | Killed a manticore
  9559 | D:7      | Noticed an eye of devastation
  9560 | D:7      | Killed an eye of devastation
  9649 | D:7      | Reached skill level 8 in Fire Magic
 10026 | D:8      | Found an ornate altar of the Wu Jian Council.
 10259 | D:8      | Reached skill level 9 in Fire Magic
 10659 | D:9      | Noticed Psyche
 10661 | D:9      | Killed Psyche
 10665 | D:9      | Gained mutation: You cannot study or cast Air magic. [Ru
                  | sacrifice]
 10665 | D:9      | Gained mutation: You cannot study or cast Hexes magic. [Ru
                  | sacrifice]
 10665 | D:9      | Gained mutation: You cannot study or cast Necromancy magic.
                  | [Ru sacrifice]
 10665 | D:9      | Reached **** piety under Ru
 10811 | D:9      | Reached XP level 10. HP: 59/71 MP: 0/24
 11030 | D:9      | Noticed Erolcha
 11071 | D:9      | Killed Erolcha
 11226 | D:9      | Reached skill level 10 in Fire Magic
 12298 | D:9      | Found a staircase to the Orcish Mines.
 12565 | D:10     | Entered Level 10 of the Dungeon
 12586 | D:10     | Noticed a white ugly thing
 12624 | D:9      | Killed a white ugly thing
 13162 | D:10     | Gained mutation: You are clumsy. (Dex -2) [Ru sacrifice]
 14143 | D:11     | Noticed a death yak
 14145 | D:11     | Noticed a death yak
 14146 | D:11     | Noticed a death yak
 14152 | D:11     | Killed a death yak
 14191 | D:11     | Killed a death yak
 14371 | D:11     | Reached XP level 11. HP: 68/78 MP: 16/29
 14577 | D:11     | Found a staircase to the Lair.
 14587 | D:11     | Noticed a death yak
 14805 | D:11     | Noticed a death yak
 14823 | D:11     | Killed a death yak
 14824 | D:11     | Reached skill level 15 in Spellcasting
 14828 | D:11     | Killed a death yak
 14829 | D:11     | Reached skill level 5 in Fighting
 14861 | D:11     | Killed a death yak
 15227 | D:11     | Noticed a four-headed hydra
 15232 | D:11     | Killed a four-headed hydra
 15476 | Lair:1   | Entered Level 1 of the Lair of Beasts
 15677 | Lair:1   | Gained mutation: You are inexperienced. (-2 XL) [Ru
                  | sacrifice]
 15677 | Lair:1   | Reached XP level 10. HP: 54/76 MP: 25/29
 15677 | Lair:1   | Reached ***** piety under Ru
 16173 | Lair:1   | Found a transporter.
 16173 | Lair:1   | Noticed Xyukig's ghost (journeyman NaNe)
 16174 | Lair:1   | Found a transporter.
 16400 | Lair:1   | Identified the +2 leather armour "Vaujid" {Contam Rampage
                  | Str+8 Int-5}
 16822 | Lair:1   | Killed Xyukig's ghost
 16947 | Lair:2   | Reached skill level 5 in Dodging
 16947 | Lair:2   | Reached skill level 5 in Shields
 16947 | Lair:2   | Reached skill level 5 in Evocations
 16962 | Lair:2   | Reached XP level 11. HP: 57/84 MP: 8/30
 17327 | Lair:2   | Reached skill level 10 in Fighting
 17416 | Lair:2   | Gained mutation: You cannot be stealthy. [Ru sacrifice]
 17416 | Lair:2   | Reached ****** piety under Ru
 17588 | Lair:2   | Noticed Gastronok
 17664 | Lair:2   | Found a snail-covered altar of Cheibriados.
 18417 | Lair:2   | Killed Gastronok
 18786 | Lair:2   | Found a snail-covered altar of Cheibriados.
 19048 | Lair:2   | Found a staircase to the Snake Pit.
 19461 | Lair:3   | Found a transporter.
 19681 | Lair:3   | Found a transporter.
 20269 | Lair:3   | Identified the +3 hat of Hedge Wizardry {rPois Str+2 Dex+3}
 20400 | Lair:3   | Found a staircase to the Swamp.
 20981 | Lair:4   | Reached skill level 5 in Staves
 21394 | Lair:4   | Found a staircase to the Slime Pits.
 21516 | Lair:5   | Entered Level 5 of the Lair of Beasts
 21612 | Lair:5   | Reached XP level 12. HP: 107/107 MP: 20/31
 22564 | Lair:5   | Found a runed translucent door.
 22991 | Lair:5   | Reached skill level 10 in Evocations
 24292 | D:1      | Bought a pair of twisted boots for 228 gold pieces
 24292 | D:1      | Identified the +1 pair of boots of Sushux {rF+ rCorr} (You
                  | bought it in a shop on level 1 of the Dungeon)
 24976 | Orc:1    | Entered Level 1 of the Orcish Mines
 25191 | Orc:2    | Entered Level 2 of the Orcish Mines
 25276 | Orc:2    | Reached skill level 11 in Fire Magic
 25451 | Orc:2    | Paralysed by an orc sorcerer for 5 turns
 26021 | Orc:2    | Found Bugaaps's General Store.
 26021 | Orc:2    | Found Kyesch's Magic Scroll Emporium.
 26117 | Orc:2    | Found Iklotzun's Antique Armour Emporium.
 26117 | Orc:2    | Found Fityumea's Antique Armour Shop.
 26216 | Orc:2    | Found a staircase to the Elven Halls.
 26385 | Orc:2    | Noticed Nessos
 26390 | Orc:2    | Killed Nessos
 26878 | D:12     | Gained mutation: You are strongly in touch with the powers
                  | of death. [Mummy growth]
 26878 | D:12     | Reached XP level 13. HP: 113/113 MP: 7/32
 27003 | D:12     | Reached skill level 12 in Fire Magic
 28973 | D:13     | Found a gate to the Vaults.
 29273 | D:13     | Found a gate to the Vaults.
 29754 | D:14     | Found an opulent altar of Gozag.
 30495 | D:15     | Entered Level 15 of the Dungeon
 30971 | D:15     | Found a staircase to the Depths.
 31236 | D:15     | Reached skill level 13 in Fire Magic
 31915 | D:15     | Found a staircase to the Depths.
 32443 | Lair:5   | a fire dragon changed into a storm dragon
 32443 | Lair:5   | Noticed a storm dragon
 32449 | Lair:5   | Killed a storm dragon
 32556 | Swamp:1  | Entered Level 1 of the Swamp
 32587 | Swamp:1  | Upgraded the game from 0.30-a0-782-ge64f9170bb to
                  | 0.30-a0-920-g7493c07aab
 33336 | Swamp:1  | Found the +8 lance "Wyrmbane" {slay drac, rPois rF+ rC+
                  | AC+3}
 34011 | Lair:2   | Reached skill level 14 in Fire Magic
 34014 | Snake:1  | Entered Level 1 of the Snake Pit
 34429 | Snake:1  | Learned a level 2 spell: Blink
 34432 | Snake:1  | Learned a level 2 spell: Passwall
 34434 | Snake:1  | Learned a level 1 spell: Apportation
 34674 | Snake:1  | Identified the +1 tower shield of Jout {rN+ Dex+3}
 34674 | Snake:1  | Noticed Louise
 34695 | Snake:1  | Killed Louise
 34701 | Snake:1  | Noticed Mlioglotl
 34718 | Snake:1  | Killed Mlioglotl
 34719 | Snake:1  | Reached skill level 1 in Translocations
 34719 | Snake:1  | Reached XP level 14. HP: 96/120 MP: 3/33
 35087 | Snake:1  | Noticed Donald
 35092 | Snake:1  | Killed Donald
 35441 | Snake:1  | Noticed Aizul
 35448 | Snake:1  | Killed Aizul
 36442 | Snake:2  | Reached skill level 15 in Fire Magic
 37651 | Snake:2  | Noticed Vashnia
 37685 | Snake:2  | Killed Vashnia
 37915 | Snake:2  | Identified the amulet "Fouxotau" {RegenMP rC+}
 38136 | Snake:3  | Found the +5 demon whip "Spellbinder" {antimagic, disrupt,
                  | Will+}
 38520 | Swamp:2  | Reached skill level 16 in Fire Magic
 39049 | Swamp:3  | Noticed Angani's ghost (adept DrHW)
 39053 | Swamp:3  | Identified the +4 sling of Jisuwi {speed, Int+6}
 39171 | Swamp:3  | Found a frozen archway.
 39193 | IceCv    | Entered an ice cave
 39371 | IceCv    | Identified the +0 helmet of the Leaf {rF+ rC+ rCorr SInv}
 39621 | IceCv    | Identified the +5 long sword of the Messenger {heavy, rC++
                  | rN+ Int+2}
 39825 | IceCv    | Noticed a shard shrike
 39877 | IceCv    | Killed a shard shrike
 39878 | IceCv    | Reached XP level 15. HP: 119/126 MP: 1/34
 40604 | Swamp:3  | Found a runed translucent door.
 40813 | Swamp:3  | Upgraded the game from 0.30-a0-920-g7493c07aab to
                  | 0.30-a0-924-g0ad0bf95bc
 40813 | Swamp:3  | Upgraded the game from 0.30-a0-924-g0ad0bf95bc to
                  | 0.30-a0-946-gec5dcfc036
 40813 | Swamp:3  | Upgraded the game from 0.30-a0-946-gec5dcfc036 to
                  | 0.30-a0-949-g53dc5368d7
 40814 | Swamp:4  | Entered Level 4 of the Swamp
 41198 | Swamp:4  | Reached skill level 10 in Conjurations
 42001 | Swamp:4  | Reached skill level 1 in Transmutations
 42273 | Swamp:4  | Noticed the 27-headed Lernaean hydra
 42303 | Swamp:4  | Killed the 27-headed Lernaean hydra
 42304 | Swamp:4  | Reached skill level 1 in Earth Magic
 42426 | Swamp:4  | Got a decaying rune of Zot
 43003 | Snake:3  | Noticed Mara
 43230 | Vaults:1 | Entered Level 1 of the Vaults
 43283 | Vaults:1 | HP: 4/120 [ironbound thunderhulk/bolt of lightning (48)]
 43603 | Vaults:1 | a fenstrider witch changed into an acid blob
 43603 | Vaults:1 | Noticed an acid blob (glowing shapeshifter)
 43876 | Elf:1    | Entered Level 1 of the Elven Halls
 43878 | Elf:1    | Paralysed by an air elemental for 1 turns
 43885 | Elf:1    | Reached XP level 16. HP: 117/134 MP: 9/35
 44537 | Elf:1    | Identified the +5 arbalest "Raukh" {drain, Will+ Str+3
                  | Dex+3}
 44668 | Elf:1    | Found Ezuu's Antique Armour Shoppe.
 44797 | Elf:1    | Learned a level 5 spell: Irradiate
 44802 | Elf:1    | Learned a level 4 spell: Passage of Golubria
 44810 | Elf:1    | Learned a level 7 spell: Orb of Destruction
 46249 | Snake:3  | Noticed Chek's illusion
 46287 | Snake:3  | Noticed Chek's illusion
 46289 | Snake:3  | Killed Mara
 46864 | Snake:4  | Entered Level 4 of the Snake Pit
 46909 | Snake:4  | Reached skill level 15 in Fighting
 48806 | Snake:4  | Got a serpentine rune of Zot
 49164 | Vaults:1 | Reached XP level 17. HP: 27/142 MP: 18/36
 49328 | Vaults:1 | Noticed a golden dragon
 49347 | Vaults:1 | Killed a golden dragon
 49348 | Vaults:1 | Reached skill level 10 in Shields
 49438 | Vaults:1 | Found the +3 greatsling "Punk" {acid, rCorr}
 49893 | Vaults:1 | Reached skill level 5 in Armour
 50189 | Vaults:1 | Found a runed translucent door.
 50189 | Vaults:1 | Found a shimmering altar of Xom.
 50189 | Vaults:1 | Noticed Fypuno Aqar's ghost (adept DEFE)
 50470 | Vaults:1 | Found Yvixixku's Magic Scroll Emporium.
 50479 | Vaults:1 | Bought 2 scrolls of magic mapping for 270 gold pieces
 50479 | Vaults:1 | Bought a scroll of acquirement for 936 gold pieces
 50479 | Vaults:1 | Bought a scroll of amnesia for 72 gold pieces
 50479 | Vaults:1 | Bought a scroll of fear for 72 gold pieces
 50479 | Vaults:1 | Acquired 837 gold pieces
 51592 | Vaults:1 | Killed Fypuno Aqar's ghost
 51652 | Vaults:1 | Identified the +3 short sword of Lytec {holy, Int+3}
 52016 | Swamp:3  | Killed Angani's ghost
 52372 | Vaults:2 | Found Vieblio's Weapon Emporium.
 52474 | Vaults:2 | Found Xilioscha's Distillery.
 52852 | Vaults:2 | Reached skill level 10 in Dodging
 53112 | Vaults:2 | Mangled by a war gargoyle

Illustrated notes

Levels and vault maps discovered:
D:1:      lightli_arrival_chessboard, layout_basic, serial_shops,
          nicolae_diamond_shop
D:2:      layout_basic, grunt_decor_fettered, grunt_ministairs_2
D:3:      layout_loops_ring, marbit_many_paths, trog_three_pillars_becter,
          uniq_jessica, uniq_sigmund
D:4:      layout_rooms, nicolae_vehumet_altar_sigil, uniq_eustachio,
          uniq_natasha
D:5:      layout_cave_pools, mainiacjoe_overflow_24_doors, lemuel_doored_altar,
          gup_sewer_entry_glass, serial_gnoll_camp, gnoll_camp_huts_basic,
          gnoll_camp_mini_hut, gnoll_camp_mini_hut, gnoll_camp_mini_doghouse,
          gnoll_camp_mini_hut, gnoll_camp_mini_loothouse, uniq_blork_the_orc,
          uniq_edmund
D:6:      layout_cave_pools, mainiacjoe_overflow_swirl, uniq_menkaure
D:7:      nzn_winding_woodlands_large [nzn_winding_woodlands_5x5_checkerboard,
          nzn_winding_woodlands_5x15_sawtooth,
          nzn_winding_woodlands_5x5_perimeter,
          nzn_winding_woodlands_center_pierced_h,
          nzn_winding_woodlands_15x15_boxy_spiral,
          nzn_winding_woodlands_center_diamonds,
          nzn_winding_woodlands_hourglass, nzn_winding_woodlands_5x15_eye,
          nzn_winding_woodlands_5x5_closed_star], layout_basic,
          nemelex_altar_shiori, temple_green
D:8:      minmay_s_stair_smasher, layout_basic,
          mainiacjoe_overflow_six_doors_small, dk_rats_in_the_wall
D:9:      layout_roguey, lemuel_mausoleum_altar_yredelemnul, tso_oasis_becter,
          kennysheep_orc_monster_closet_entryway, uniq_psyche, uniq_erolcha
D:10:     layout_basic
D:11:     layout_roguey, dpeg_lair_monsters
D:12:     layout_gridville
D:13:     layout_irregular_city, david_vaults_4, item_on_display_a
D:14:     layout_roguey, kennysheep_flooded_box, grunt_gozag_breadcrumbs
D:15:     hangedman_depths_entry_civil_slaughter, layout_loops_ring
Lair:1:   layout_roguey, gammafunk_ghost_arena, special_room [special_room_bee],
          infiniplex_staircase_pool_2, lemuel_fruit_tree
Lair:2:   layout_roguey, nicolae_snake_entry_warm_welcome,
          chequers_serial_rivers_marsh, kennysheep_snail_temple, uniq_gastronok
Lair:3:   gammafunk_cloud_chamber, layout_gridlike, swamp_mist, minmay_holes
Lair:4:   layout_long_grid, dpeg_slime_entry_enclosed
Lair:5:   guppyfry_lair_end_dragon, layout_regular_city, wormcave
Swamp:1:  layout_basic_swamp, nicolae_swamp_feature_on_the_river_bank,
          swamp_pool1
Swamp:2:  layout_basic_swamp, infiniplex_staircase_pool
Swamp:3:  layout_basic_swamp, hellmonk_ghost_happy_afterlife,
          portal_ice_cave_entry_pillars_three, evilmike_swamp_ruin_house_1
Swamp:4:  swamp_old_school, layout_basic_swamp
Snake:1:  layout_honeycomb, serial_bayou_pond_c, serial_bayou_lagoon_a,
          grunt_megastairs_2, uniq_donald, uniq_aizul, uniq_mlioglotl,
          uniq_louise
Snake:2:  layout_grid_maze, nicolae_snake_double_loop,
          nicolae_elevator_lobby_asterisk, uniq_vashnia
Snake:3:  layout_concentric_octagons, statue_in_the_mist_lemuel,
          serial_bayou_lake_a, uniq_mara
Snake:4:  snake_pit, layout_rooms
Orc:1:    layout_caves
Orc:2:    st_orc_town, layout_diamond_mine, basic_altar, uniq_nessos
Elf:1:    minmay_elf_arrival_plus, layout_loops_cross, serial_shops, shop,
          minivault_28
Vaults:1: ebering_ghost_xom, v_misc_24, hangedman_vaults_stream,
          nicolae_vaults_quadrants, vaults_room_grid, ontoclasm_vaults_bender,
          nicolae_vaults_arrows, v_pattern_1, vaults_dpeg_emergency_exit,
          hangedman_vaults_restitches, grunt_vaults_hallway_short,
          vaults_standard_mumra_x, nicolae_vaults_ninety_degrees,
          vaults_dpeg_doors, layout_vaults_omnibox, serial_shops,
          nicolae_shop_advertising_works [nicolae_subvault_shop_adworks]
Vaults:2: vaults_room_hangedman_quadrants, vaults_room_grunt_arrival_checkpoint,
          nicolae_vaults_network_star, v_misc_24, grunt_vaults_hallway_short,
          grunt_vaults_swirl, vaults_room_stairs_pillars, v_misc_11,
          nicolae_vaults_little_squares_3, nicolae_vaults_network_s,
          layout_vaults_ring, serial_shops, shop, shop, shop_fountains,
          shop_statue, nicolae_shop_trees

Skill      XL: |  1  2  3  4  5  6  7  8  9 10 11 12 13 14 15 16 17 |
---------------+----------------------------------------------------+-----
Conjurations   | 3 4 5 8 12 14 | 14.0
Dodging        | 1 2 3 5 6 10 | 10.0
Fighting       | 2 3 4 8 14 15 | 15.0
Spellcasting   | 5 8 9 10 14 15 | 15.0
Evocations     | 1 2 3 5 6 10 | 10.2
Staves         | 1 2 3 5 6 |  6.0
Fire Magic     | 1 5 9 10 11 14 16 | 16.0
Shields        | 3 5 6 9 10 | 10.0
Translocations | 1 2 |  2.0
Transmutations | 2 |  2.0
Earth Magic    | 2 |  2.0
Armour         | 6 |  6.0
Invocations    | |  1.0

Action                     |  1- 3 |  4- 6 |  7- 9 | 10-12 | 13-15 | 16-18 || total
---------------------------+-------+-------+-------+-------+-------+-------++-------
  Melee: Club              |   112 |    13 |       |       |       |       ||   125
         Punch             |     2 |       |     1 |       |       |       ||     3
         Dagger            |       |    25 |    12 |       |       |       ||    37
         Staff             |       |       |   124 |   890 |   324 |   260 ||  1598
  Throw: Dart              |       |     2 |     6 |    10 |    29 |       ||    47
   Cast: Searing Ray       |    18 |    30 |   118 |    54 |    12 |     1 ||   233
         Momentum Strike   |       |       |    12 |     2 |     3 |       ||    17
         Static Discharge  |       |       |     3 |       |       |       ||     3
         Inner Flame       |       |       |     6 |       |       |       ||     6
         Fireball          |       |       |    13 |   201 |   499 |   290 ||  1003
         Flame Wave        |       |       |     9 |    42 |    19 |    14 ||    84
         Sticky Flame      |       |       |     1 |     2 |    25 |     3 ||    31
         Apportation       |       |       |       |       |     8 |       ||     8
         Passwall          |       |       |       |       |     1 |       ||     1
         Blink             |       |       |       |       |     2 |     5 ||     7
         Irradiate         |       |       |       |       |       |    39 ||    39
         Orb of Destructio |       |       |       |       |       |    66 ||    66
         Passage of Golubr |       |       |       |       |       |     1 ||     1
 Invoke: Sacrifice Experie |       |       |     1 |     1 |       |       ||     2
         Sacrifice Love    |       |       |     1 |       |       |       ||     1
         Sacrifice Arcana  |       |       |     1 |       |       |       ||     1
         Draw Out Power    |       |       |       |     2 |     1 |       ||     3
         Sacrifice Purity  |       |       |       |     1 |       |       ||     1
         Power Leap        |       |       |       |     2 |     3 |    12 ||    17
         Sacrifice Stealth |       |       |       |     1 |       |       ||     1
         Apocalypse        |       |       |       |       |     1 |     3 ||     4
Ability: Evoke Invisibilit |       |       |       |       |       |     1 ||     1
  Evoke: Wand              |       |     7 |     4 |     7 |    20 |    16 ||    54
         Lightning rod     |       |       |       |       |     4 |       ||     4
         Phial of floods   |       |       |       |       |     1 |       ||     1
    Use: Scroll            |     3 |     5 |     5 |     7 |     7 |     7 ||    34
   Stab: Sleeping          |       |       |     1 |       |       |       ||     1
         Paralysed         |       |       |       |    22 |     4 |    16 ||    42
         Invisible         |       |       |       |    10 |     2 |       ||    12
         Distracted        |       |       |       |     6 |     4 |       ||    10
         Petrified         |       |       |       |     4 |       |       ||     4
         Confused          |       |       |       |       |     1 |       ||     1
 Armour: Scale mail        |    42 |       |       |       |       |       ||    42
         Robe              |    14 |     7 |    16 |       |       |       ||    37
         Acid dragon scale |       |       |    28 |    39 |       |       ||    67
         Troll leather arm |       |       |       |   135 |   163 |    99 ||   397
  Dodge: Dodged            |    79 |    29 |   153 |   361 |   185 |   148 ||   955
  Block: Buckler           |       |       |    78 |   546 |     6 |    45 ||   675
         Reflection        |       |       |     4 |    10 |    27 |    10 ||    51
         Kite shield       |       |       |       |    26 |   291 |    97 ||   414
         Other             |       |       |       |     1 |       |       ||     1

Table legend: (Time is in decaauts)
 A = Elapsed time spent in this place.
 B = Non-inter-level travel time spent in this place.
 C = Inter-level travel time spent in this place.
 D = Time resting spent in this place.
 E = Time spent auto-exploring this place.
 F = Levels seen in this place.
 G = Mean time per level.
                   A        B        C        D        E       F      G
               +--------+--------+--------+--------+--------+-----+--------+
         Total |  53567 |  46889 |   6678 |  13335 |  20004 |  34 | 1575.5 |
       Dungeon |  22868 |  19787 |   3081 |   5825 |   9087 |  15 | 1524.5 |
          Lair |   9972 |   8101 |   1871 |   1516 |   3486 |   5 | 1994.4 |
         Swamp |   4756 |   4242 |    514 |   1223 |   1992 |   4 | 1189.0 |
     Snake Pit |   8506 |   7682 |    824 |   3017 |   2696 |   4 | 2126.5 |
  Orcish Mines |   1825 |   1688 |    137 |    486 |    568 |   2 |  912.5 |
   Elven Halls |    903 |    864 |     39 |    105 |    468 |   1 |  903.0 |
        Vaults |   3565 |   3356 |    209 |    774 |   1407 |   2 | 1782.5 |
      Ice Cave |   1168 |   1168 |      0 |    389 |    298 |   1 | 1168.0 |
               +--------+--------+--------+--------+--------+-----+--------+

Top non-repeatable levels by time:
  Lair:2: 2943 daAuts
Vaults:1: 2909 daAuts
 Snake:1: 2650 daAuts
  Lair:5: 2431 daAuts
     D:9: 2343 daAuts
    D:13: 2301 daAuts
 Snake:3: 2160 daAuts
     D:7: 2011 daAuts
     D:5: 1931 daAuts
     D:3: 1882 daAuts
 Snake:4: 1867 daAuts
 Snake:2: 1827 daAuts
  Lair:1: 1808 daAuts
    D:11: 1739 daAuts
  Lair:3: 1615 daAuts
